 Dungeon Crawl Stone Soup version 0.29-a0-409-gd843f3a48c (webtiles) character file.

Game seed: 4395158250660448530

441 Pelinal the Insei (level 7, -12/31 (32) HPs)
             Began as a Vine Stalker Transmuter on May 14, 2022.
             Mangled by an orc warrior
             ... wielding a +0 glaive
              (23 damage)
             ... on level 4 of the Dungeon.
             The game lasted 00:11:55 (4550 turns).

Pelinal the Insei (Vine Stalker Transmuter)         Turns: 4550, Time: 00:11:56

HP:   -12/31 (32)   AC:  2    Str: 13    XL:     7   Next: 2%
MP:   0/11          EV: 13    Int: 13    God:
Gold: 234           SH:  0    Dex: 16    Spells: 7/10 levels left

rFire   . . .      SeeInvis .     - Unarmed
rCold   . . .      Faith    .   (no shield)
rNeg    . . .      Spirit   +   a - +0 robe
rPois   .          Reflect  .   (helmet currently unavailable)
rElec   .          Harm     .   (no cloak)
rCorr   .          Rampage  .   (no gloves)
Will    .....                   (boots currently unavailable)
Stlth   +.........              (no amulet)
HPRegen 0.90/turn               (no ring)
MPRegen 0.12/turn               (no ring)

@: appendages, lightly drained
A: horns 2, talons 2, fangs 2, regeneration 1, magic shield, antimagic bite, no
potion heal 2
a: End Transformation


You were on level 4 of the Dungeon.
You had temporarily grown beastly horns and talons.
You visited 1 branch of the dungeon, and saw 4 of its levels.

You collected 234 gold pieces.

Inventory:

Hand Weapons
 m - a +2 dagger of venom
Missiles
 d - 5 poisoned darts
 i - 6 atropa-tipped darts
 j - 121 stones
 r - 2 curare-tipped darts
Armour
 a - a +0 robe (worn)
 c - a +0 helmet (melded)
Wands
 o - a wand of mindburst (10)
 q - a wand of flame (6)
 s - a wand of digging (6)
Scrolls
 b - a scroll of enchant weapon {unknown}
 g - 2 scrolls of poison {unknown}
 h - 2 scrolls of fog
 k - 2 scrolls of fear
 l - a scroll of blinking
 p - a scroll of noise {unknown}
 u - a scroll of magic mapping {unknown}
 v - a scroll of summoning {unknown}
Potions
 e - a potion of mutation
 f - a potion of curing
 n - 2 potions of attraction
 t - a potion of heal wounds {unknown}
 w - 2 potions of resistance {unknown}
 x - a potion of brilliance {unknown}
 z - a potion of lignification


   Skills:
 - Level 0.8 Fighting
 + Level 3.8 Dodging
 + Level 5.2 Unarmed Combat
 - Level 2.1 Spellcasting
 - Level 4.0 Transmutations


You had 7 spell levels left.
You knew the following spells:

 Your Spells              Type           Power      Damage    Failure   Level
a - Beastly Appendage     Tmut           22%        N/A       4%          1
b - Wereblood             Tmut           11%        N/A       8%          2

Your spell library contained the following spells:

 Spells                   Type           Power      Damage    Failure   Level
 Passwall                 Tmut/Erth      5%         N/A       17%         2
 Sandblast                Erth           2%         2d4       26%         1
 Spider Form              Tmut/Pois      6%         N/A       32%         3
 Stone Arrow              Conj/Erth      2%         3d7       58%         3
 Ice Form                 Ice/Tmut       6%         N/A       73%         4
 Petrify                  Tmut/Erth      6%         N/A       73%         4
 Metabolic Englaciation   Hex/Ice        0%         N/A       100%        5
 Statue Form              Tmut/Erth      4%         N/A       100%        6


Dungeon Overview and Level Annotations

Branches:
Dungeon (4/15)
 Temple: D:4-7

Altars:
Makhleb
Qazlal
Vehumet

Shops:
D:1 =

Annotations:
D:4 1 runed translucent door, Crazy Yiuf


Innate Abilities, Weirdness & Mutations

You have temporarily grown beastly horns and talons.
You have extremely sharp teeth.
Your natural rate of healing is unusually fast.
When hurt, damage is shared between your health and your magic reserves.
Your bite disrupts and absorbs the magic of your enemies.
Potions cannot restore your health.


Message History

Press: ? - help, Shift-Dir - straight line, f/p - orc warrior
Aim: an orc warrior, wielding a +0 glaive and wearing a +1 plate armour of cold resistance (heavily wounded, chance to affect: 64%)
The orc warrior struggles to resist.
The orc warrior closely misses you.
Unknown command.
Unknown command.
Okay, then.
Casting: Beastly Appendage (safe; 4% risk of failure)
Confirm with . or Enter, or press ? or * to list all spells.
You extend your transformation's duration.
The orc warrior completely misses you.
Unknown command.
You completely miss the orc warrior.
You claw the orc warrior, but do no damage.
You headbutt the orc warrior, but do no damage.
The orc warrior is heavily wounded.
The orc warrior hits you with a +0 glaive!
* * * LOW HITPOINT WARNING * * *
You completely miss the orc warrior. Your kick misses the orc warrior.
You bite the orc warrior, but do no damage.
The orc warrior is heavily wounded.
The orc warrior barely misses you.
Unknown command.
You hit the orc warrior.
You headbutt the orc warrior, but do no damage.
The orc warrior is heavily wounded.
The orc warrior barely misses you.
You barely miss the orc warrior. Your kick misses the orc warrior.
The orc warrior is heavily wounded.
The orc warrior misses you.
Aiming: Throw Flame
Press: ? - help, Shift-Dir - straight line, f/p - orc warrior
Aim: an orc warrior, wielding a +0 glaive and wearing a +1 plate armour of cold resistance (heavily wounded, 68% to hit)
Okay, then.
Aiming: Mindburst
Press: ? - help, Shift-Dir - straight line, f/p - orc warrior
Aim: an orc warrior, wielding a +0 glaive and wearing a +1 plate armour of cold resistance (heavily wounded, chance to affect: 64%)
The orc warrior struggles to resist.
The orc warrior hits you with a +0 glaive!!
Ouch! That really hurt!
You die...

#..######## ##..###
#.....## ##......###
#.........###
###...........###
##...............#
##..............#....#
##..........@....####.#
#####...........o...>#
#
.....#...............#
#...#................#
###.#...........^....#
#...)..............#
#..................#
#..................#
###..............###


You could see an orc warrior.

Vanquished Creatures
  A necrophage (D:4)
  3 jellies (D:4)
  An orc priest (D:4)
  A gnoll shaman (D:4)
  An iguana (D:4)
  9 gnolls
  3 adders
  2 worms
  3 dart slugs
  11 orcs
  3 endoplasms
  8 giant cockroaches
  5 goblins
  7 hobgoblins
  A quokka (D:1)
  4 ball pythons
  5 bats
  2 frilled lizards (D:1)
  14 kobolds
  2 rats (D:1)
86 creatures vanquished.

Vanquished Creatures (others)
  5 toadstools (D:1)
5 creatures vanquished.

Grand Total: 91 creatures vanquished

Notes
Turn   | Place    | Note
-------+----------+-------------------------------------------
     0 | D:1      | Pelinal the Vine Stalker Transmuter began the quest for the
                  | Orb.
     0 | D:1      | Reached XP level 1. HP: 9/9 MP: 4/4
    15 | D:1      | Found a faded altar of an unknown god.
   220 | D:1      | Reached XP level 2. HP: 11/14 MP: 3/6
   247 | D:1      | Learned a level 2 spell: Wereblood
   615 | D:1      | Found Amioff's Jewellery Boutique.
   894 | D:1      | Reached XP level 3. HP: 17/17 MP: 5/7
  1745 | D:2      | You fall into a shaft and drop 1 floor!
  1745 | D:3      | Found a radiant altar of Vehumet.
  2183 | D:3      | Gained mutation: Your natural rate of healing is unusually
                  | fast. [Vine Stalker growth]
  2183 | D:3      | Reached XP level 4. HP: 19/21 MP: 5/8
  3161 | D:2      | Reached XP level 5. HP: 25/25 MP: 7/9
  3553 | D:4      | Reached skill level 4 in Unarmed Combat
  3562 | D:4      | Reached XP level 6. HP: 29/29 MP: 8/10
  3712 | D:4      | Found a stormy altar of Qazlal.
  3760 | D:4      | Noticed an orc warrior
  3996 | D:4      | Reached skill level 5 in Unarmed Combat
  4164 | D:4      | Reached XP level 7. HP: 32/32 MP: 7/11
  4204 | D:4      | Found a runed translucent door.
  4205 | D:4      | Noticed Crazy Yiuf
  4228 | D:4      | Found a burning altar of Makhleb.
  4550 | D:4      | Mangled by an orc warrior

Illustrated notes

Levels and vault maps discovered:
D:1:      ldierk_walled_garden, layout_basic,
          hellmonk_ecumenical_altar_crossroads, serial_shops,
          nicolae_square_shop, st_stairs_9
D:2:      layout_loops_cross, item_on_display_a
D:3:      minmay_spotlight, layout_basic, mainiacjoe_overflow_alcove_4,
          minmay_starry_boxes
D:4:      layout_cave_pods, mainiacjoe_overflow_boulevard,
          nicolae_qazlal_general_emergency, uniq_crazy_yiuf_cottage

Skill      XL: |  1  2  3  4  5  6 |
---------------+-------------------+-----
Transmutations | 3 4 |  4.0
Dodging        | 2 3 |  3.8
Unarmed Combat | 4 5 |  5.2
Fighting       | |  0.8
Spellcasting   | |  2.1

Action                   |  1- 3 |  4- 6 |  7- 9 || total
-------------------------+-------+-------+-------++-------
Melee: Unarmed           |    83 |    96 |    15 ||   194
       Kick              |    23 |    37 |     4 ||    64
       Bite              |    12 |    18 |     4 ||    34
       Headbutt          |    16 |    20 |     3 ||    39
       Punch             |     2 |     1 |       ||     3
 Cast: Beastly Appendage |    26 |    22 |     2 ||    50
       Wereblood         |       |     3 |       ||     3
Evoke: Wand              |       |    11 |     4 ||    15
  Use: Scroll            |     2 |     4 |     1 ||     7
       Potion            |       |     1 |       ||     1
Armor: Robe              |    19 |     8 |       ||    27
       Skin              |       |     1 |       ||     1
Dodge: Dodged            |    48 |    45 |    15 ||   108

Table legend: (Time is in decaauts)
 A = Elapsed time spent in this place.
 B = Non-inter-level travel time spent in this place.
 C = Inter-level travel time spent in this place.
 D = Time resting spent in this place.
 E = Time spent auto-exploring this place.
 F = Levels seen in this place.
 G = Mean time per level.
                   A        B        C        D        E       F      G
               +--------+--------+--------+--------+--------+-----+--------+
         Total |   4540 |   4365 |    175 |    462 |   2760 |   4 | 1135.0 |
       Dungeon |   4540 |   4365 |    175 |    462 |   2760 |   4 | 1135.0 |
               +--------+--------+--------+--------+--------+-----+--------+

Top non-repeatable levels by time:
     D:3: 1546 daAuts
     D:1: 1267 daAuts
     D:4: 951 daAuts
     D:2: 774 daAuts
